 Dungeon Crawl Stone Soup version 0.29-a0-925-g0a7a3d12f8 (webtiles) character file.

Game seed: 16930583192842993592

13106 Alarak the Destroyer (level 11, 0/54 HPs)
             Began as a Deep Elf Fire Elementalist on July 28, 2022.
             Was a Priest of Vehumet.
             Slain by a two-headed ogre
             ... wielding a +0 giant club
              (28 damage)
             ... on level 11 of the Dungeon on July 29, 2022.
             The game lasted 01:31:25 (14378 turns).

Alarak the Destroyer (Deep Elf Fire Elementalist)  Turns: 14378, Time: 01:31:25

Health: 0/54       AC: 12    Str:  5      XL:     11   Next: 71%
Magic:  29/29      EV: 13    Int: 24 (31) God:    Vehumet [***...]
Gold:   527        SH:  5    Dex: 21      Spells: 10/34 levels left

rFire   + . .      SeeInvis .   x - staff of conjuration
rCold   + . .      Faith    .   f - orb {light}
rNeg    . . .      Spirit   .   y - +0 steam dragon scales
rPois   .          Reflect  +   A - +0 hat
rElec   +          Harm     .   q - +2 cloak {rCorr}
rCorr   +          Rampage  .   L - +0 pair of gloves of the Clam {rC+}
Will    +....                   s - +2 pair of boots of Xom's Castigation {+Blink rElec rF+}
Stlth   +.........              v - amulet of reflection
HPRegen 0.18/turn               F - +6 ring of dexterity
MPRegen 0.21/turn               J - +6 ring of intelligence

@: glowing
A: no striking features
a: Renounce Religion, Evoke Blink


You were on level 11 of the Dungeon.
You worshipped Vehumet.
Vehumet was most pleased with you.
You visited 2 branches of the dungeon, and saw 12 of its levels.
You also visited: Ossuary and Bailey.

You collected 527 gold pieces.

Inventory:

Armour
 f - an orb of light (worn)
 l - +0 acid dragon scales
 q - a +2 cloak of preservation (worn)
 s - the +2 pair of boots of Xom's Castigation (worn) {+Blink rElec rF+}
   (You found it on level 3 of the Dungeon)

   rF:        It protects you from fire.
   rElec:     It insulates you from electricity.
   +Blink:    It lets you blink.
 y - +0 steam dragon scales (worn)
 A - a +0 hat (worn)
 L - the +0 pair of gloves of the Clam (worn) {rC+}
   (You found it on level 4 of the Dungeon)

   rC:        It protects you from cold.
 M - an orb of energy
Magical Staves
 x - a staff of conjuration (weapon)
Jewellery
 i - a +6 ring of dexterity
 n - a ring of ice
 u - a ring of ice
 v - an amulet of reflection (around neck)
 F - a +6 ring of dexterity (left hand)
 J - a +6 ring of intelligence (right hand)
Wands
 D - a wand of digging (5)
 H - a wand of roots (4)
 O - a wand of paralysis (6)
Scrolls
 a - 2 scrolls of amnesia
 c - a scroll of silence
 d - 2 scrolls of teleportation
 j - 9 scrolls of identify
 k - a scroll of summoning
 m - 2 scrolls of brand weapon
 w - 4 scrolls of poison
 z - 3 scrolls of butterflies
 G - 3 scrolls of fear
 N - 2 scrolls of blinking
Potions
 b - a potion of might
 e - 3 potions of haste
 g - 2 potions of invisibility
 h - 12 potions of curing
 o - 2 potions of mutation
 p - 8 potions of ambrosia
 t - 6 potions of heal wounds
 C - 3 potions of flight
 I - 3 potions of lignification
 K - a potion of cancellation


   Skills:
 - Level 2.4 Dodging
 - Level 2.4 Stealth
 - Level 12.0 Spellcasting
 - Level 12.4 Conjurations
 - Level 2.9 Translocations
 - Level 10.3 Fire Magic
 - Level 8.6 Evocations


You had 10 spell levels left.
You knew the following spells:

 Your Spells              Type           Power      Damage    Failure   Level
a - Foxfire               Conj/Fire      100%       2x1d9     1%          1
b - Scorch                Fire           100%       2d10      1%          2
c - Conjure Flame         Conj/Fire      81%        6-21      1%          3
d - Flame Wave            Conj/Fire      81%        2d18      1%          4
e - Stone Arrow           Conj/Erth      100%       3d13      1%          3
f - Fulminant Prism       Conj/Hex       30%        3d16      1%          4
g - Iskenderun's Mystic   Conj/Tloc      67%        2d14      1%          4
h - Inner Flame           Hex/Fire       39%        N/A       1%          3

Your spell library contained the following spells:

 Spells                   Type           Power      Damage    Failure   Level
 Ignite Poison            Fire/Tmut/Pois 31%        N/A       1%          3
 Sandblast                Erth           28%        2d8       1%          1
 Static Discharge         Conj/Air       61%        3-11/arc  1%          2
 Sticky Flame             Conj/Fire      81%        2d9       1%          4
 Necrotise                Necr           56%        1d6       4%          1
 Passwall                 Tmut/Erth      11%        N/A       6%          2
 Vampiric Draining        Necr           14%        2d7       13%         3
 Lee's Rapid Deconstruct  Erth           7%         3d7*      28%         5
 Dispel Undead            Necr           14%        3d10      38%         4
 Summon Ice Beast         Ice/Summ       14%        N/A       38%         4
 Summon Forest            Summ/Tloc      10%        N/A       54%         5
 Agony                    Necr           14%        N/A       75%         5
 Summon Mana Viper        Hex/Summ       14%        N/A       75%         5
 Eringya's Noxious Bog    Tmut/Pois      7%         N/A       82%         6
 Monstrous Menagerie      Summ           7%         N/A       100%        7
 Summon Hydra             Summ           7%         N/A       100%        7


Dungeon Overview and Level Annotations

Branches:
Dungeon (11/15)            Temple (1/1) D:4            Lair (0/5) D:8
    Orc (0/2) D:9         Ossuary (visited)          Bailey (visited)

Altars:
Ashenzari
Cheibriados
Dithmenos
Elyvilon
Fedhas
Gozag
Hepliaklqana
Kikubaaqudgha
Makhleb
Nemelex Xobeh
Okawaru
Qazlal
Ru
Sif Muna
Trog
Uskayaw
Vehumet
Wu Jian
Xom
Yredelemnul
Zin
The Shining One

Shops:
D:1 (


Message History

The cyclops shouts!
You feel a surge of power!
You conjure some foxfire!
Casting: Foxfire (safe; 1% risk of failure)
Confirm with . or Enter, or press ? or * to list all spells.
Okay, then.
Casting: Foxfire (safe; 1% risk of failure)
Confirm with . or Enter, or press ? or * to list all spells.
Aiming: Stone Arrow (safe; 1% risk of failure)
Press: ? - help, Shift-Dir - straight line, f - cyclops
Aim: a cyclops, quivering large rocks (ally target, 98% to hit)
You feel a surge of power!
Really fire in your foxfire's direction?
The stone arrow hits your foxfire!!
Your foxfire is almost destroyed.
The foxfire hits the cyclops.
The cyclops is lightly wounded.
The foxfire hits the cyclops but does no damage.
The cyclops is lightly wounded.
The cyclops throws a large rock.
The large rock hits you!!
Ouch! That really hurt!
There is a stone staircase leading up here.
Casting: Stone Arrow (safe; 1% risk of failure)
Confirm with . or Enter, or press ? or * to list all spells.
Aiming: Fulminant Prism (dangerous; 1% risk of failure)
Press: ? - help, Dir - move target You feel a surge of power!
You conjure a prism of explosive energy!
A fulminant prism comes into view.
Your fulminant prism crackles loudly.
You climb upwards.
There is a stone staircase leading down here.
You start resting.
Magic restored.
You start resting.
HP restored.
You climb downwards.
The two-headed ogre hits you with a +0 giant club!!
The two-headed ogre hits you with a +0 giant spiked club!!
Ouch! That really hurt!
You die...

# #.
##.######
. ..#..
#(#.#.##
#.#....##
#..CO..!#
###@...##
#.#.##
..###
####


You could see a two-headed ogre and a cyclops.

Vanquished Creatures
  A two-headed ogre (D:6)
  2 vault guards (Bailey)
  A queen bee (D:10)
  2 trolls
  Grinder (D:5)
  2 hornets
  Prince Ribbit (Bailey)
  Sigmund (D:5)
  4 humans (Bailey)
  3 wyverns
  4 steam dragons
  Menkaure (D:4)
  4 vampire mosquitoes (D:10)
  2 acid dragons (D:8)
  3 water moccasins
  Duvessa (D:5)
  A hornet zombie (Ossuary)
  An orc warrior (D:6)
  An ice beast (D:7)
  3 sky beasts
  4 wolves (D:8)
  3 ogres
  5 centaurs
  2 phantoms
  3 kobold brigands
  A water moccasin zombie (Ossuary)
  13 bullfrogs (Bailey)
  2 necrophages
  3 scorpions
  3 wyvern zombies (Ossuary)
  3 wights (D:9)
  Dowan (D:5)
  29 killer bees
  2 howler monkeys
  6 electric eels (D:8)
  4 centaur zombies (Ossuary)
  7 bullfrog zombies (Ossuary)
  6 hounds
  2 jellies
  7 orc priests
  Crazy Yiuf (D:2)
  3 iguanas
  A gnoll bouda (D:8)
  A scorpion zombie (D:3)
  14 orc wizards
  8 killer bee zombies (Ossuary)
  11 mummies
  A howler monkey zombie (Ossuary)
  8 gnolls
  8 adders
  A river rat (D:4)
  2 shadow imps
  2 white imps
  3 worms
  2 dart slugs (D:1)
  42 orcs
  7 endoplasms
  10 giant cockroaches
  23 goblins
  11 hobgoblins
  6 jackals
  5 quokkas
  9 ball pythons
  8 bats
  3 frilled lizards
  A jackal zombie (D:3)
  14 kobolds
  2 quokka zombies (D:3)
  5 rats
357 creatures vanquished.

Vanquished Creatures (others)
  573 foxfires
  45 fulminant prisms
  3 plants (D:4)
  5 withered plants (Ossuary)
626 creatures vanquished.

Grand Total: 983 creatures vanquished

Notes
Turn   | Place    | Note
-------+----------+-------------------------------------------
     0 | D:1      | Alarak the Deep Elf Fire Elementalist began the quest for
                  | the Orb.
     0 | D:1      | Reached XP level 1. HP: 10/10 MP: 6/6
   244 | D:1      | Found Osost's Weapon Emporium.
   303 | D:1      | Reached XP level 2. HP: 15/15 MP: 5/9
   530 | D:1      | Learned a level 2 spell: Scorch
   740 | D:1      | Found a faded altar of an unknown god.
  1113 | D:2      | Reached XP level 3. HP: 19/19 MP: 4/10
  1413 | D:2      | Found an opulent altar of Gozag.
  1478 | D:2      | Reached XP level 4. HP: 24/24 MP: 6/12
  1541 | D:2      | Found a runed translucent door.
  1542 | D:2      | Noticed Crazy Yiuf
  1914 | D:2      | Killed Crazy Yiuf
  2340 | D:3      | Identified the +2 pair of boots of Xom's Castigation
                  | {+Blink rElec rF+}
  2412 | D:3      | Reached skill level 5 in Fire Magic
  2445 | D:3      | Found a basalt altar of Yredelemnul.
  2450 | D:3      | Reached XP level 5. HP: 28/28 MP: 4/13
  2867 | D:3      | Found an ornate altar of the Wu Jian Council.
  2971 | D:4      | Noticed Menkaure
  2978 | D:4      | Killed Menkaure
  2979 | D:4      | Reached XP level 6. HP: 10/32 MP: 4/14
  3356 | D:4      | Identified the +0 pair of gloves of the Clam {rC+}
  3625 | D:4      | Identified the +4 ring mail "Igonifybb" {Fly rF+ Str-4}
  3848 | D:4      | Noticed a steam dragon
  3855 | D:4      | Killed a steam dragon
  3856 | D:4      | Reached XP level 7. HP: 34/36 MP: 5/15
  4077 | D:3      | Learned a level 3 spell: Conjure Flame
  4328 | D:4      | Found a large runed translucent door.
  4329 | D:4      | Found a large runed translucent door.
  4527 | D:4      | Learned a level 4 spell: Flame Wave
  4655 | D:4      | Found an opulent altar of Gozag.
  4848 | D:4      | Found a staircase to the Ecumenical Temple.
  4978 | Temple   | Entered the Ecumenical Temple
  5477 | D:4      | Found a glowing silver altar of Zin.
  5483 | D:4      | Found a hazy altar of Hepliaklqana.
  5620 | D:5      | Entered Level 5 of the Dungeon
  5631 | D:5      | Reached skill level 5 in Conjurations
  5731 | D:5      | Reached XP level 8. HP: 41/41 MP: 5/16
  5815 | D:5      | Noticed Dowan
  5816 | D:5      | Noticed Duvessa
  5828 | D:5      | Killed Duvessa
  5830 | D:5      | Killed Dowan
  5835 | D:5      | Found a sand-covered staircase.
  5919 | Ossuary  | Entered an ossuary
  6184 | Ossuary  | Reached skill level 5 in Spellcasting
  6375 | Ossuary  | Reached XP level 9. HP: 32/45 MP: 15/20
  6917 | D:5      | Reached skill level 1 in Evocations
  6988 | D:5      | Found a radiant altar of Vehumet.
  6996 | D:5      | Became a worshipper of Vehumet
  7015 | D:5      | Noticed Sigmund
  7018 | D:5      | Killed Sigmund
  7026 | D:5      | Learned a level 3 spell: Stone Arrow
  7319 | D:5      | Noticed Grinder
  7332 | D:5      | Killed Grinder
  7473 | D:5      | Found a shadowy altar of Dithmenos.
  7557 | D:5      | Found a glowing golden altar of the Shining One.
  7557 | D:5      | Found an ancient bone altar of Kikubaaqudgha.
  7930 | D:6      | Reached skill level 10 in Spellcasting
  8101 | D:6      | Learned a level 4 spell: Fulminant Prism
  8106 | D:6      | Learned a level 4 spell: Iskenderun's Mystic Blast
  8268 | D:6      | Noticed a two-headed ogre
  8276 | D:6      | Killed a two-headed ogre
  8277 | D:6      | Reached XP level 10. HP: 50/50 MP: 12/28
  8601 | D:6      | Reached * piety under Vehumet
  8601 | D:6      | Offered knowledge of Shock by Vehumet.
  8887 | D:6      | Found Tubiwise's Jewellery Shop.
  9324 | D:7      | Reached skill level 5 in Evocations
  9803 | D:7      | Found a flagged portal.
  9815 | Bailey   | Entered a bailey
  9995 | Bailey   | Noticed a vault guard
 10001 | Bailey   | Killed a vault guard
 10008 | Bailey   | Noticed Prince Ribbit
 10011 | Bailey   | Killed Prince Ribbit
 10112 | Bailey   | Reached ** piety under Vehumet
 10112 | Bailey   | Offered knowledge of Magic Dart by Vehumet.
 10240 | Bailey   | Noticed a vault guard
 10246 | Bailey   | Killed a vault guard
 10247 | Bailey   | Reached skill level 10 in Fire Magic
 10247 | Bailey   | Reached XP level 11. HP: 36/54 MP: 7/29
 11152 | D:8      | Reached skill level 10 in Conjurations
 11565 | D:8      | Offered knowledge of Static Discharge by Vehumet.
 11575 | D:8      | Found a staircase to the Lair.
 11998 | D:9      | Found a broken altar of Ashenzari.
 12154 | D:9      | Learned a level 3 spell: Inner Flame
 12162 | D:9      | Reached *** piety under Vehumet
 12779 | D:9      | Found a bloodstained altar of Trog.
 12846 | D:9      | Found a staircase to the Orcish Mines.
 13045 | D:10     | Entered Level 10 of the Dungeon
 13919 | D:10     | Offered knowledge of Ignite Poison by Vehumet.
 13936 | D:10     | Reached skill level 1 in Translocations
 14229 | D:11     | Noticed a two-headed ogre
 14378 | D:11     | Slain by a two-headed ogre

Illustrated notes

Levels and vault maps discovered:
D:1:      eino_arrival_druids_welcome, layout_rooms,
          ebering_ecumenical_altar_webs, serial_shops,
          nicolae_shop_bloodbath_and_beyond, minmay_tromino_mix6
D:2:      layout_rooms, basic_altar, uniq_crazy_yiuf_cottage
D:3:      layout_rooms, nicolae_yredelemnul_corpse_copse,
          nicolae_wu_jian_immortal_techniques, serial_glass, glass_columns_a,
          glass_columns_b
D:4:      corexii_shantytown, layout_basic, jmf_multi_god_temple2,
          grunt_gozag_breadcrumbs, minmay_temple_entry_statues,
          portal_sewer_entry_a, uniq_menkaure
D:5:      layout_cave_pools, grunt_dithmenos_shadows,
          gammafunk_temple_overflow_elements, nicolae_vehumet_altar_sigil,
          gup_ossuary_entry_pyramid, uniq_grinder, uniq_sigmund, uniq_duvessa
D:6:      layout_basic, minmay_shop_enchanted_jewellery
D:7:      layout_basic, enter_bailey_5
D:8:      layout_rooms, erik_lair_island, serial_curves, eino_curves_03,
          eino_curves_04, eino_curves_01, eino_curves_04
D:9:      layout_roguey, lemuel_crystal_altar, trog_book, orc_0_dummy,
          eino_tiny_chamber, solitary_fountain, roderic_roman_lattice
D:10:     layout_basic, special_room [special_room_bee]
D:11:     layout_loops_cross, uniq_josephine, uniq_urug
Temple:   bh_familiar_temple

Skill      XL: |  1  2  3  4  5  6  7  8  9 10 11 |
---------------+----------------------------------+-----
Spellcasting   | 4 6 12 | 12.0
Conjurations   | 2 3 6 9 12 | 12.4
Fire Magic     | 4 5 6 8 10 | 10.3
Evocations     | 3 8 |  8.6
Translocations | 2 |  2.9
Dodging        | |  2.4
Stealth        | |  2.4

Action                   |  1- 3 |  4- 6 |  7- 9 | 10-12 || total
-------------------------+-------+-------+-------+-------++-------
Melee: Mace              |     4 |       |       |       ||     4
       Rapier            |       |     3 |       |       ||     3
       Staff             |       |       |    40 |    27 ||    67
 Cast: Foxfire           |    70 |    79 |   128 |    68 ||   345
       Scorch            |     5 |    40 |    82 |    29 ||   156
       Flame Wave        |       |       |    10 |    11 ||    21
       Stone Arrow       |       |       |    15 |    53 ||    68
       Fulminant Prism   |       |       |     1 |    45 ||    46
       Conjure Flame     |       |       |     1 |    17 ||    18
       Iskenderun's Myst |       |       |       |    16 ||    16
       Inner Flame       |       |       |       |     3 ||     3
  Use: Scroll            |       |       |    20 |     3 ||    23
       Potion            |       |       |     9 |       ||     9
Armor: Robe              |     5 |     5 |       |       ||    10
       Steam dragon scal |       |       |    69 |    30 ||    99
Dodge: Dodged            |     4 |    16 |   116 |    58 ||   194
Block: Orb               |       |       |     5 |    17 ||    22
       Reflection        |       |       |     1 |     2 ||     3

Table legend: (Time is in decaauts)
 A = Elapsed time spent in this place.
 B = Non-inter-level travel time spent in this place.
 C = Inter-level travel time spent in this place.
 D = Time resting spent in this place.
 E = Time spent auto-exploring this place.
 F = Levels seen in this place.
 G = Mean time per level.
                   A        B        C        D        E       F      G
               +--------+--------+--------+--------+--------+-----+--------+
         Total |  14404 |  13652 |    752 |   2938 |   8786 |  14 | 1028.9 |
       Dungeon |  12608 |  11883 |    725 |   2334 |   8012 |  11 | 1146.2 |
        Temple |    188 |    161 |     27 |      0 |    156 |   1 |  188.0 |
       Ossuary |    973 |    973 |      0 |    351 |    400 |   1 |  973.0 |
        Bailey |    633 |    633 |      0 |    253 |    217 |   1 |  633.0 |
               +--------+--------+--------+--------+--------+-----+--------+

Top non-repeatable levels by time:
     D:4: 2456 daAuts
     D:6: 1477 daAuts
    D:10: 1333 daAuts
     D:5: 1178 daAuts
     D:7: 1126 daAuts
     D:1: 1077 daAuts
     D:9: 1052 daAuts
     D:2: 1003 daAuts
 Ossuary: 973 daAuts
     D:3: 951 daAuts
     D:8: 945 daAuts
  Bailey: 633 daAuts
  Temple: 188 daAuts
    D:11: 6 daAuts
